 Dungeon Crawl Stone Soup version bcrawl-1.13.5 (webtiles) character file.

Game seed: 7927946421622199449

4776 MisterOstroum the Martial Artist (level 10, -1/91 HPs)
             Began as a Gnoll Transmuter on Aug 29, 2019.
             Was a Follower of Makhleb.
             Slain by a troll (4 damage)
             ... on level 9 of the Dungeon.
             The game lasted 00:24:32 (9706 turns).

MisterOstroum the Martial Artist (Gnoll Transmuter) Turns: 9706, Time: 00:24:33

Health: -1/91      AC:  8    Str: 12    XL:     10   Next: 47%
Magic:  0/21       EV: 15    Int: 16    God:    Makhleb [*.....]
Gold:   735        SH:  0    Dex: 19    Spells: 6/23 levels left

rFire    . . .     SeeInvis .     - Unarmed
rCold    + + +     Gourm    .   (shield currently unavailable)
rNeg     . . .     Faith    .   (armour currently unavailable)
rPois    +         Spirit   +   (helmet currently unavailable)
rElec    .         Reflect  .   (cloak currently unavailable)
rCorr    .         Harm     .   (gloves currently unavailable)
MR       .....                  (boots currently unavailable)
Stlth    +++.......             q - amulet of guardian spirit
HPRegen  0.25/turn              G - +2 ring of protection
MPRegen  0.17/turn              t - ring of protection from fire

@: ice-form, lightly drained
A: large, distributed training, strong nose
a: End Transformation, Renounce Religion


You were on level 9 of the Dungeon.
You worshipped Makhleb.
Makhleb was aware of your devotion.
You were not hungry.
You were a creature of crystalline ice.
You visited 2 branches of the dungeon, and saw 10 of its levels.

You collected 735 gold pieces.

Inventory:

Hand Weapons
 A - the cursed +1 whip of Calamity (melded) {slash, *Noise Str+4 Int+3}
   (You found it on level 5 of the Dungeon)

   It inflicts extra damage upon your enemies.
   It affects your strength (+4).
   It affects your intelligence (+3).
   It may make noises in combat.
   It has a curse placed upon it.
 F - the cursed +1 mace of Trog's Hope {protect, rN++ Int+2 Dex-4, unknown}
   (You found it on level 6 of the Dungeon)

   It grants its wielder temporary protection when it strikes (+7 to AC).
   It affects your intelligence (+2).
   It affects your dexterity (-4).
   It greatly protects you from negative energy.
   It has a curse placed upon it.
Missiles
 a - 1701 arrows
 c - 48 curare-tipped needles
 f - 1772 stones (quivered)
 m - 229 tomahawks
 u - 93 poisoned tomahawks
 J - 41 exploding tomahawks
Armour
 b - a +0 robe (melded)
 s - a +0 helmet (melded)
Magical Staves
 j - an uncursed staff of summoning
 C - an uncursed staff of poison
Jewellery
 q - an amulet of guardian spirit (around neck)
 t - a ring of protection from fire (right front paw)
 z - an uncursed ring of wizardry
 B - an uncursed ring of ice
 G - a +2 ring of protection (left front paw)
Wands
 r - a wand of polymorph (24)
 y - a wand of flame (19)
Scrolls
 h - 7 scrolls of identify {@r1}
 i - 4 scrolls of magic mapping {unknown}
 n - 2 scrolls of blinking {unknown}
 o - 3 scrolls of immolation
 v - 13 scrolls of remove curse {unknown}
 w - 4 scrolls of teleportation {unknown}
 E - a scroll of enchant weapon {unknown}
 H - a scroll of vulnerability {unknown}
 I - 2 scrolls of fog {unknown}
Potions
 d - 6 potions of lignification {@q6}
 g - a potion of curing {@q1 !q}
 k - 2 potions of haste {unknown}
 p - 3 potions of flight {unknown}
 x - 2 potions of berserk rage {unknown}
 D - a potion of ambrosia {unknown}
 K - 2 potions of mutation {unknown}
Comestibles
 e - 12 rations {!d}
 L - 3 chunks of flesh


   Skills:
 + Level 5.9(5.8) Fighting
 + Level 5.2 Short Blades
 + Level 5.2 Long Blades
 + Level 5.2 Axes
 + Level 5.2 Maces & Flails
 + Level 5.2 Polearms
 + Level 5.2 Staves
 + Level 5.2 Slings
 + Level 5.2 Bows
 + Level 5.2 Crossbows
 + Level 5.2 Throwing
 + Level 5.2 Armour
 + Level 7.0 Dodging
 + Level 5.2 Stealth
 + Level 5.2 Shields
 + Level 8.5(8.4) Unarmed Combat
 + Level 7.3 Spellcasting
 + Level 4.3 Conjurations
 + Level 4.3 Hexes
 + Level 4.3 Charms
 + Level 4.3 Summonings
 + Level 4.3 Necromancy
 + Level 4.3 Translocations
 + Level 5.8 Transmutations
 + Level 4.3 Fire Magic
 + Level 4.3 Ice Magic
 + Level 4.3 Air Magic
 + Level 4.3 Earth Magic
 + Level 4.3 Poison Magic
 + Level 5.7 Invocations
 + Level 5.2 Evocations


You had 6 spell levels left.
You knew the following spells:

 Your Spells              Type           Power        Failure   Level  Hunger
a - Spider Form           Tmut/Pois      ###          4%          3    ##.....
b - Ice Form              Ice/Tmut       ###.....     16%         4    ####...
c - Blink                 Tloc           N/A          3%          2    None
d - Sticks to Snakes      Tmut           ###.....     1%          2    None
e - Blade Hands           Tmut           ###.......   30%         5    #####..
f - Beastly Appendage     Tmut           ###...       1%          1    None

Your spell library contained the following spells:

 Spells                   Type           Power        Failure   Level  Hunger
 Magic Dart               Conj           ###.         1%          1    None
 Slow                     Hex            ###.....     1%          1    None
 Call Imp                 Summ           ###.....     3%          2    None
 Call Canine Familiar     Summ           ###.....     6%          3    ##.....
 Conjure Flame            Conj/Fire      ###.....     6%          3    ##.....
 Mephitic Cloud           Conj/Pois/Air  ###.....     6%          3    ##.....
 Summon Ice Beast         Ice/Summ       ###.....     21%         4    ####...
 Summon Mana Viper        Hex/Summ       ###.....     50%         5    #####..
 Summon Hydra             Summ           ###.......   97%         6    #######


Dungeon Overview and Level Annotations

Branches:
Dungeon (9/12)             Temple (1/1) D:6
   Lair: D:7-9          Orc: D:8-11

Altars:
Ashenzari
Cheibriados
Dithmenos
Elyvilon
Fedhas
Gozag
Hepliaklqana
Kikubaaqudgha
Lugonu
Makhleb
Nemelex Xobeh
Qazlal
Ru
Trog
Uskayaw
Vehumet
Wu Jian
Xom
Yredelemnul
Zin
The Shining One

Shops:
D:5 [   D:6 %

Annotations:
D:9 Joseph


Innate Abilities, Weirdness & Mutations

Your experience applies equally to all skills.
((You have very sharp teeth.))
Your uncanny sense of smell can sniff out nearby items.


Message History

The centaur shoots an arrow.
The arrow completely misses you.
The centaur shoots an arrow.
The arrow hits you!
Joseph shoots a sling bullet.
The sling bullet hits you!
* * * LOW HITPOINT WARNING * * *
Things that are here:
a +0 morningstar; an orc skeleton The centaur shoots an arrow.
The arrow misses you.
The centaur shoots an arrow.
The arrow completely misses you.
The centaur shoots an arrow.
The arrow completely misses you.
Evoke which item? (* to show all) (? for menu, Esc to quit)
Aiming: Polymorph
Press: ? - help, Shift-Dir - straight line, f - centaur
Aim: a centaur, wielding a +1 shortbow of velocity (chance to defeat MR: 62%)
The centaur evaporates and reforms as a water moccasin!
Found a grey potion.
Found a stone staircase leading down.
A wyvern skeleton comes into view.
The water moccasin barely misses you. The water moccasin bites you.
The water moccasin completely misses you.
There is a stone staircase leading up here.
The water moccasin completely misses you. x2
As you climb the stairs, a rune flashes!
You stop ascending the stairs.
Your surroundings suddenly seem different.
A troll comes into view.
The orc wizard casts a spell at you.
You easily resist.
Casting: Spider Form (safe; 14% risk of failure)
Confirm with . or Enter, or press ? or * to list all spells.
Your transformation has ended.
The cursed +1 whip of Calamity {slash, *Noise Str+4 Int+3} unmelds from your body.
Your +0 helmet unmelds from your body.
Your +0 robe unmelds from your body.
You turn into a creature of crystalline ice.
The cursed +1 whip of Calamity {slash, *Noise Str+4 Int+3} melds into your body.
Your +0 helmet melds into your body.
Your +0 robe melds into your body.
The orc wizard casts a spell at you. The magic dart hits you!
The orc wizard completely misses you.
You hit the orc wizard. You freeze the orc wizard.
The orc wizard is heavily wounded.
The orc wizard mumbles some strange words.
The orc wizard blinks!
The troll bites you!
* * * LOW HITPOINT WARNING * * *
The troll claws you.
* * * LOW HITPOINT WARNING * * *
The troll claws you but does no damage.
You punch the troll! You freeze the troll!
The troll is heavily wounded.
The troll closely misses you. x2; The troll misses you.
You hit the troll but do no damage.
The troll is heavily wounded.
The troll barely misses you. The troll claws you.
* * * LOW HITPOINT WARNING * * *
The troll claws you!
* * * LOW HITPOINT WARNING * * *
You closely miss the troll.
The troll is heavily wounded.
The troll completely misses you. The troll claws you.
* * * LOW HITPOINT WARNING * * *
The troll claws you.
* * * LOW HITPOINT WARNING * * *
Really quaff
l - a potion of heal wounds {@q2 !q}?
You feel much better.
The orc wizard gestures wildly while chanting.
The orc wizard seems to speed up.
The troll closely misses you. The troll claws you!
* * * LOW HITPOINT WARNING * * *
The troll misses you.
You hit the orc wizard but do no damage.
The orc wizard is heavily wounded.
The orc wizard hits you but does no damage.
The troll barely misses you. The troll claws you.
* * * LOW HITPOINT WARNING * * *
The troll closely misses you.
You hit the orc wizard but do no damage.
The orc wizard is heavily wounded.
The orc wizard misses you.
You hit the orc wizard but do no damage.
The orc wizard is heavily wounded.
The orc wizard hits you but does no damage.
The troll closely misses you. x2; The troll misses you.
The orc wizard hits you with a cursed -3 dagger.
* * * LOW HITPOINT WARNING * * *
You hit the orc wizard. You freeze the orc wizard.
The orc wizard is severely wounded.
The troll completely misses you. The troll claws you.
* * * LOW HITPOINT WARNING * * *
The troll closely misses you.
The orc wizard hits you but does no damage.
You pummel the orc wizard!! You freeze the orc wizard.
You kill the orc wizard!
Makhleb accepts your kill. The troll barely misses you. The troll claws you.
* * * LOW HITPOINT WARNING * * *
The troll claws you!
* * * LOW HITPOINT WARNING * * *
The troll bites you.
You die...

###................)......#
#.....>.............$...#
#...#########............
#..!# #.......... #...#
#.......... #...#
#..#######. #..# #T.# #.Y#
#..# #..# #..# #..# #..#
...# #..# #..#


You could see a troll.

Vanquished Creatures
  Sigmund (D:3)
  A soldier ant (D:7)
  Menkaure (D:5)
  Duvessa (D:4)
  3 orc warriors
  An eye of draining (D:8)
  2 ice beasts (D:6)
  A black bear (D:8)
  A phantom (D:4)
  A sky beast (D:6)
  2 ogres
  4 centaurs
  2 big kobolds
  Blork the orc (D:3)
  6 bullfrogs
  A wyvern zombie (D:6)
  Dowan (D:4)
  2 scorpions
  3 killer bees (D:8)
  A howler monkey (D:5)
  4 wights (D:8)
  6 crimson imps
  4 hounds
  2 bullfrog skeletons (D:7)
  3 centaur skeletons
  5 orc priests
  10 orc wizards
  Jessica (D:2)
  6 iguanas
  8 worker ants
  A hound zombie (D:8)
  Robin (D:3)
  A worker ant zombie (D:6)
  10 adders
  6 gnolls
  A howler monkey skeleton (D:4)
  A shadow imp (D:5)
  An ooze (D:2)
  An adder zombie (D:5)
  6 worms
  2 dart slugs (D:1)
  4 leopard geckos
  26 orcs
  4 giant cockroaches
  9 goblins
  14 hobgoblins
  6 jackals (D:1)
  8 quokkas
  10 bats
  3 frilled lizards
  21 kobolds
  6 rats
227 creatures vanquished.

Vanquished Creatures (collateral kills)
  An orc (D:3)
1 creature vanquished.

Vanquished Creatures (others)
  An orc (D:9)
1 creature vanquished.

Grand Total: 229 creatures vanquished

Notes
Turn   | Place    | Note
-------+----------+-------------------------------------------
     0 | D:1      | MisterOstroum the Gnoll Transmuter began the quest for the
                  | Orb.
     0 | D:1      | Reached XP level 1. HP: 17/17 MP: 6/6
   193 | D:1      | Reached XP level 2. HP: 23/23 MP: 7/7
   482 | D:1      | Reached XP level 3. HP: 26/28 MP: 7/9
   487 | D:1      | Learned a level 3 spell: Spider Form
   490 | D:1      | Learned a level 2 spell: Sticks to Snakes
   589 | D:1      | Reached skill level 5 in Spellcasting
   833 | D:2      | Reached skill level 1 in Invocations
   865 | D:2      | Noticed Jessica
   870 | D:2      | Killed Jessica
   870 | D:2      | Reached skill level 1 in Short Blades
   870 | D:2      | Reached skill level 1 in Long Blades
   870 | D:2      | Reached skill level 1 in Axes
   870 | D:2      | Reached skill level 1 in Maces & Flails
   870 | D:2      | Reached skill level 1 in Polearms
   870 | D:2      | Reached skill level 1 in Staves
   870 | D:2      | Reached skill level 1 in Slings
   870 | D:2      | Reached skill level 1 in Bows
   870 | D:2      | Reached skill level 1 in Crossbows
   870 | D:2      | Reached skill level 1 in Throwing
   870 | D:2      | Reached skill level 1 in Armour
   870 | D:2      | Reached skill level 1 in Stealth
   870 | D:2      | Reached skill level 1 in Shields
   870 | D:2      | Reached skill level 1 in Evocations
   870 | D:2      | Reached XP level 4. HP: 23/34 MP: 3/11
  1031 | D:2      | Reached skill level 1 in Conjurations
  1031 | D:2      | Reached skill level 1 in Hexes
  1031 | D:2      | Reached skill level 1 in Charms
  1031 | D:2      | Reached skill level 1 in Summonings
  1031 | D:2      | Reached skill level 1 in Necromancy
  1031 | D:2      | Reached skill level 1 in Translocations
  1031 | D:2      | Reached skill level 1 in Fire Magic
  1031 | D:2      | Reached skill level 1 in Ice Magic
  1031 | D:2      | Reached skill level 1 in Air Magic
  1031 | D:2      | Reached skill level 1 in Earth Magic
  1031 | D:2      | Reached skill level 1 in Poison Magic
  1210 | D:2      | Reached XP level 5. HP: 30/40 MP: 5/12
  1983 | D:3      | Noticed Robin
  1988 | D:3      | Killed Robin
  2184 | D:3      | Noticed Sigmund
  2309 | D:3      | Noticed a centaur
  2321 | D:3      | Killed a centaur
  2321 | D:3      | Reached XP level 6. HP: 27/47 MP: 6/13
  2529 | D:3      | Learned a level 4 spell: Ice Form
  2542 | D:3      | Learned a level 5 spell: Blade Hands
  2708 | D:3      | Reached skill level 5 in Dodging
  2815 | D:3      | Killed Sigmund
  2815 | D:3      | Reached XP level 7. HP: 52/52 MP: 9/15
  2899 | D:3      | Reached skill level 7 in Unarmed Combat
  3412 | D:4      | Noticed Blork the orc
  3425 | D:3      | Killed Blork the orc
  3561 | D:4      | Learned a level 2 spell: Blink
  3751 | D:4      | Found an ancient bone altar of Kikubaaqudgha.
  3854 | D:4      | Reached XP level 8. HP: 60/60 MP: 14/16
  4011 | D:4      | Noticed Duvessa
  4018 | D:4      | Noticed Dowan
  4039 | D:4      | Killed Dowan
  4044 | D:4      | Killed Duvessa
  4427 | D:4      | Found a glowing golden altar of the Shining One.
  4518 | D:5      | Entered Level 5 of the Dungeon
  4586 | D:5      | Found Myerr's Armour Boutique.
  4614 | D:5      | Noticed Menkaure
  4620 | D:5      | Killed Menkaure
  4832 | D:5      | Reached XP level 9. HP: 10/66 MP: 3/18
  5141 | D:5      | Got a pitted whip
  5334 | D:5      | Reached skill level 5 in Transmutations
  5441 | D:5      | Found a blossoming altar of Fedhas.
  5703 | D:6      | Got a scorched mace
  5712 | D:6      | Found Ozirroaje's Food Emporium.
  5851 | D:6      | Reached skill level 5 in Fighting
  6196 | D:6      | Found a staircase to the Ecumenical Temple.
  6202 | Temple   | Entered the Ecumenical Temple
  6422 | Temple   | Became a worshipper of Makhleb the Destroyer
  6561 | D:6      | Reached skill level 8 in Unarmed Combat
  6718 | D:7      | Found a hide-covered altar of Uskayaw.
  6913 | D:7      | Reached skill level 5 in Invocations
  7346 | D:7      | Identified the cursed +1 whip of Calamity {slash, *Noise
                  | Str+4 Int+3} (You found it on level 5 of the Dungeon)
  7475 | D:7      | Reached XP level 10. HP: 74/74 MP: 20/20
  8292 | D:8      | Reached skill level 5 in Short Blades
  8292 | D:8      | Reached skill level 5 in Long Blades
  8292 | D:8      | Reached skill level 5 in Axes
  8292 | D:8      | Reached skill level 5 in Maces & Flails
  8292 | D:8      | Reached skill level 5 in Polearms
  8292 | D:8      | Reached skill level 5 in Staves
  8292 | D:8      | Reached skill level 5 in Slings
  8292 | D:8      | Reached skill level 5 in Bows
  8292 | D:8      | Reached skill level 5 in Crossbows
  8292 | D:8      | Reached skill level 5 in Throwing
  8292 | D:8      | Reached skill level 5 in Armour
  8292 | D:8      | Reached skill level 5 in Stealth
  8292 | D:8      | Reached skill level 5 in Shields
  8292 | D:8      | Reached skill level 5 in Evocations
  8358 | D:8      | Reached * piety under Makhleb
  9450 | D:9      | Noticed Joseph
  9699 | D:9      | HP: 3/91 [troll (2)]
  9705 | D:9      | HP: 3/91 [troll (12)]
  9706 | D:9      | Slain by a troll

Skill      XL: |  1  2  3  4  5  6  7  8  9 10 |
---------------+-------------------------------+-----
Spellcasting   | 5 6 7 |  7.3
Invocations    | 1 2 3 4 5 |  5.7
Short Blades   | 1 2 3 4 5 |  5.2
Long Blades    | 1 2 3 4 5 |  5.2
Axes           | 1 2 3 4 5 |  5.2
Maces & Flails | 1 2 3 4 5 |  5.2
Polearms       | 1 2 3 4 5 |  5.2
Staves         | 1 2 3 4 5 |  5.2
Slings         | 1 2 3 4 5 |  5.2
Bows           | 1 2 3 4 5 |  5.2
Crossbows      | 1 2 3 4 5 |  5.2
Throwing       | 1 2 3 4 5 |  5.2
Armour         | 1 2 3 4 5 |  5.2
Stealth        | 1 2 3 4 5 |  5.2
Shields        | 1 2 3 4 5 |  5.2
Evocations     | 1 2 3 4 5 |  5.2
Conjurations   | 1 2 3 4 |  4.3
Hexes          | 1 2 3 4 |  4.3
Charms         | 1 2 3 4 |  4.3
Summonings     | 1 2 3 4 |  4.3
Necromancy     | 1 2 3 4 |  4.3
Translocations | 1 2 3 4 |  4.3
Fire Magic     | 1 2 3 4 |  4.3
Ice Magic      | 1 2 3 4 |  4.3
Air Magic      | 1 2 3 4 |  4.3
Earth Magic    | 1 2 3 4 |  4.3
Poison Magic   | 1 2 3 4 |  4.3
Fighting       | 3 4 5 |  5.9
Transmutations | 4 5 |  5.8
Dodging        | 5 6 7 |  7.0
Unarmed Combat | 7 8 |  8.5

Action                   |  1- 3 |  4- 6 |  7- 9 | 10-12 || total
-------------------------+-------+-------+-------+-------++-------
Melee: Unarmed           |    77 |   133 |   318 |   179 ||   707
       Bite              |     6 |     8 |     3 |       ||    17
       Kick              |     1 |       |       |       ||     1
       Punch             |     2 |     3 |     2 |       ||     7
       Headbutt          |     1 |     2 |     2 |       ||     5
       Staff             |       |       |     7 |       ||     7
Throw: Stone             |    90 |    75 |    24 |       ||   189
 Cast: Beastly Appendage |     2 |     2 |     1 |       ||     5
       Spider Form       |     1 |    12 |    21 |     1 ||    35
       Sticks to Snakes  |       |     1 |     1 |       ||     2
       Ice Form          |       |       |     8 |     2 ||    10
       Blink             |       |       |     1 |       ||     1
 Abil: End Transformatio |       |       |     3 |     1 ||     4
Evoke: Wand              |       |       |       |     1 ||     1
  Use: Scroll            |       |     1 |     1 |       ||     2
       Potion            |       |       |       |     2 ||     2
 Stab: Sleeping          |       |       |    11 |     6 ||    17
       Distracted        |       |       |     1 |       ||     1
  Eat: Chunk             |       |     7 |    17 |     8 ||    32
Armor: Robe              |    12 |     8 |     2 |       ||    22
       Skin              |       |       |    21 |    10 ||    31
Dodge: Dodged            |    52 |    93 |   268 |   174 ||   587
